[Event "*** SCC Grand Prix: Titled Tuesday Blitz"]
[Site "Chess.com"]
[Date "2020.09.29"]
[Round "1"]
[White "Yaacovn"]
[Black "Kostya26"]
[Result "0-1"]
[WhiteElo "2767"]
[BlackElo "2417"]
[TimeControl "180+1"]
[EndTime "10:08:25 PDT"]
[Termination "Kostya26 won by resignation"]

1. d4 d5 2. Nf3 Nf6 3. Bf4 c6 4. e3 Bf5 5. c4 e6 6. Qb3 Qb6 7. Nc3 Nbd7 8. c5 Qxb3 9. axb3 a6 10. b4 Rc8 11. Nd2 Nh5 12. Bg5 h6 13. Bh4 g5 14.
Be2 gxh4 15. Bxh5 Nf6 16. Bf3 Rg8 17. g3 Be7 18. Ne2 Be4 19. Bxe4 Nxe4 20. Nxe4 dxe4 21.
Kd2 Kd7 22. Rhg1 f5 23. Nf4 Bg5 24. Ng2 h3 25. Nf4 Bxf4 26. gxf4 Rg4 27. Rg3 Rcg8 28. Rxh3 R8g6 29. Rg3 h5 30. Rag1 Ke7 31. h3 Rxg3 32.
Rxg3 Kf6 33. Rxg6+ Kxg6 34. Kc3 Kf6 35. Kb3 Ke7 36. Kc2 Kf6 37. Kd2 h4 38. Kd1 Ke7 39. Ke2 Kf6 40. f3 Ke7 41. fxe4 fxe4 42. Kd2 Kd7 43.
Kc3 Kc7 44. Kc4 Kd7 45. Kb3 Ke7 46. Ka3 Kd7 47. Ka4 Kd8 48. Kb3 Kd7 49. Kc2 Ke7 50. Kc3 Kd7 51. Kc4 Ke7 52. b5 axb5+ 53. Kb4 Kd7 54.
Ka5 Kc7 55. b3 Kc8 56. Kb4 Kc7 57. Kc3 Kd7 58. Kb4 Kc7 59. Ka5 Kc8 60. Kb6 Kb8 61.
d5 cxd5 62. Kxb5 d4 63. Kc4 d3 64. Kc3 Kc7 65. b4 Kc6 66. Kb3 b6 67. cxb6 Kxb6 68. Kc3 Kb5 69. Kb3 d2 70. Kc2 Kxb4 71. Kxd2 Kb3 72. Ke2 Kc3 73. Kf2 Kd2 0-1

[Event "*** SCC Grand Prix: Titled Tuesday Blitz"]
[Site "Chess.com"]
[Date "2020.09.29"]
[Round "1"]
[White "queen_iryna"]
[Black "TheMagnet"]
[Result "0-1"]
[WhiteElo "2293"]
[BlackElo "2597"]
[TimeControl "180+1"]
[EndTime "10:08:26 PDT"]
[Termination "TheMagnet won by resignation"]

1. e4 c5 2. Nf3 g6 3. d4 cxd4 4.
Qxd4 Nf6 5. e5 Nc6 6. Qa4 Nd5 7. Bd3 Bg7 8. Qe4 Nb6 9. O-O d5 10. exd6 Qxd6 11. Nc3 Bf5 12. Qe2 Bxd3 13. cxd3 O-O 14. Ne4 Qd5 15. Bf4 Qb5 16. Rab1 Nd5 17. Bg3 Rfd8 18. Rfd1 Ndb4 19. Nc3 Qa6 20. d4 Qxe2 21.
Nxe2 Nxa2 22. d5 Ncb4 23. d6 exd6 24. Bxd6 Bf8 25. Bxf8 Kxf8 26. g3 Nd3 27. Ned4 Nab4 28. Kf1 Rac8 29. Ke2 Re8+ 30. Kf1 a6 31. Rd2 Ne5 32.
Nxe5 Rxe5 33. Rbd1 Rec5 34. Nb3 R5c7 35. Ke2 Kg7 36. Rd7 Re8+ 37. Kf3 Re7 38. Rxe7 Rxe7 39.
Rd8 Nc6 40. Rc8 Ne5+ 41. Kg2 Nd3 42. Nc5 Nxc5 43. Rxc5 Re2 44. b4 Rb2 45. Rc4 Rb3 46.
h4 h5 47. Rf4 b6 48. Re4 a5 49. bxa5 bxa5 50. Ra4 Rb5 51. Kh2 Rf5 52. Kg2 Kf6 53. Rc4 Ke6 54. Rc6+ Kd5 55. Ra6 Kc4 56. f3 Kb4 57. g4 hxg4 58. fxg4 Rd5 59. Kg3 a4 60. Kf4 a3 61. Rb6+ Rb5 62. Ra6 Ra5 63. Rb6+ Kc3 64.
Rb1 a2 65. Ra1 Kb2 66. Rf1 a1=Q 67. Rxa1 Kxa1 68. g5 Rf5+ 0-1

[Event "*** SCC Grand Prix: Titled Tuesday Blitz"]
[Site "Chess.com"]
[Date "2020.09.29"]
[Round "1"]
[White "Resignify"]
[Black "AleksanderHnydiuk"]
[Result "0-1"]
[WhiteElo "2230"]
[BlackElo "2547"]
[TimeControl "180+1"]
[EndTime "10:08:28 PDT"]
[Termination "AleksanderHnydiuk won by checkmate"]

1. e4 c5 2. Nc3 Nc6 3. g3 g6 4.
Bg2 Bg7 5. d3 Rb8 6. Be3 d6 7.
a3 b5 8. Qd2 a5 9. Nge2 b4 10.
axb4 axb4 11. Nd1 h5 12. h4 Nf6 13. f3 O-O 14. O-O Kh7 15. Nf4 Nd4 16. Ne2 Nxe2+ 17. Qxe2 Ne8 18. Kh2 Nc7 19. Qd2 Nb5 20. c3 bxc3 21.
bxc3 Bd7 22. Rf2 Ra8 23. Rxa8 Qxa8 24. c4 Nd4 25. Nc3 Qa1 26. Nd5 e6 27. Nf4 Rb8 28. Rf1 Qxf1 29. Bxd4 Qb1 30. Bxg7 Kxg7 31. Qc3+ e5 32.
Nd5 Rb2 33. f4 Rc2 34. Qa5 Qa2 35. Qxa2 Rxa2 36. fxe5 dxe5 37. Kg1 Rd2 38. Bf1 Bg4 39.
Ne3 Be2 40. Bxe2 Rxe2 41. Nf1 Kf6 42. Kh1 Re1 43. Kg2 Rd1 44. Ne3 Rxd3 45. Kf3 Ke6 46. Ke2 Ra3 47. Kf3 f5 48. exf5+ gxf5 49. Ke2 f4 50.
gxf4 exf4 51. Nd5 Ke5 52. Kf2 Rh3 53. Kg2 Rxh4 54. Ne7 Rg4+ 55. Kf2 Kd4 56. Kf3 Kxc4 57.
Nf5 Kd3 58. Nd6 c4 59. Nf5 c3 60. Nh6 c2 61. Nf5 c1=Q 62. Kf2 Qg1+ 63. Kf3 Qg2# 0-1

[Event "*** SCC Grand Prix: Titled Tuesday Blitz"]
[Site "Chess.com"]
[Date "2020.09.29"]
[Round "1"]
[White "night_player"]
[Black "stolencandy13"]
[Result "0-1"]
[WhiteElo "1959"]
[BlackElo "2467"]
[TimeControl "180+1"]
[EndTime "10:08:31 PDT"]
[Termination "stolencandy13 won by resignation"]

1. e4 c6 2. d4 d5 3. e5 Bf5 4. h4 h5 5. Bd3 Bxd3 6. Qxd3 e6 7. Nf3 Qb6 8. O-O Ne7 9. b3 Nf5 10.
Bg5 Nd7 11. c4 Be7 12. Bxe7 Nxe7 13. Nc3 Nf5 14. cxd5 cxd5 15. Nxd5 Qd8 16. Ne3 Nxh4 17.
Nc4 O-O 18. Rfe1 Nf5 19. Rad1 Nb6 20. Nxb6 axb6 21. Rd2 Qd5 22. Red1 Rfd8 23. Ng5 Rd7 24. Qh3 h4 25. Nf3 Qe4 26. Re1 Qf4 27. Qh2 Qxh2+ 28.
Kxh2 Rad8 29. Red1 b5 30. Kh3 Rd5 31. Nxh4 Nxd4 32. f4 b4 33. Kg4 g6 34. g3 Kf8 35.
Nf3 Nxf3 36. Rxd5 Nxe5+ 37. fxe5 Rxd5 38. Re1 Rd2 39. Re4 Rxa2 40. Rxb4 Ra7 41. Rc4 b5 42. Rc5 Rb7 43. Kg5 Kg7 44. b4 Rb6 45. Rc7 Ra6 46. Rc5 Ra3 47. Rxb5 Rxg3+ 48. Kf4 Rg1 49. Rb8 g5+ 50. Kf3 Rf1+ 51. Ke2 Rb1 52. b5 Kg6 53.
Ke3 Kf5 54. Kd4 Rb4+ 55. Kc5 Rb1 56. Rb7 Kxe5 57. Rxf7 g4 58. Rg7 Kf4 59. Kd6 e5 60. Rf7+ Ke4 61. Rg7 Rxb5 62. Rxg4+ Kf5 63. Rg7 e4 64.
Rf7+ Kg4 65. Kc6 Rh5 66. Kd6 e3 67. Re7 Kf3 68. Rf7+ Ke2 69. Kc6 Kd2 70. Rd7+ Ke1 71. Re7 e2 72. Kd6 Rh3 73. Rf7 Kd2 74. Kc5 e1=Q 0-1

[Event "*** SCC Grand Prix: Titled Tuesday Blitz"]
[Site "Chess.com"]
[Date "2020.09.29"]
[Round "1"]
[White "karinachess1"]
[Black "WinstonSilvakov"]
[Result "1-0"]
[WhiteElo "2507"]
[BlackElo "2137"]
[TimeControl "180+1"]
[EndTime "10:08:33 PDT"]
[Termination "karinachess1 won by resignation"]

1. e4 Nf6 2. e5 Nd5 3. d4 d6 4.
Nf3 Nb6 5. Be2 g6 6. O-O Bg7 7. Bf4 O-O 8. a4 Nc6 9. a5 Nd7 10. exd6 cxd6 11. Qd2 e5 12. Bg5 f6 13. Be3 e4 14.
Ne1 d5 15. c4 dxc4 16. Bxc4+ Kh8 17. b4 f5 18. b5 f4 19. Bxf4 Nxd4 20. Nc3 Rxf4 21.
Qxf4 Ne2+ 22. Bxe2 Bxc3 23. Rd1 Qe7 24. a6 bxa6 25.
bxa6 Be5 26. Qd2 Rb8 27. Qd5 Nf6 28. Qd8+ Qxd8 29. Rxd8+ Kg7 30. Nc2 Bc7 31. Rdd1 Rb2 32. Nd4 Be5 33. Bc4 Rb4 34. Nc6 Rxc4 35. Nxe5 Bxa6 36. Ra1 Rc5 37. Rxa6 Rxe5 38. Rxa7+ Kh6 39. Ra6 Nd5 40. Ra5 Rf5 41. Re1 Nf4 42. Rxf5 gxf5 43. g3 Nd3 44. Ra1 Kg5 45. h4+ Kg4 46. Kg2 h5 47. Ra8 f4 48. Rg8+ Kf5 49. Rg5+ Kf6 50.
gxf4 Nxf4+ 51. Kg3 Ne2+ 52. Kh2 Nd4 53. Rxh5 Nf3+ 54. Kg2 Ne5 55. Rh8 Kg7 56. Re8 Kf6 57. Kg3 Kf5 58. h5 Nf7 59. Rf8 Ke6 60. Rxf7 Kxf7 61.
Kf4 Kf6 62. Kxe4 Kg5 63. Ke5 Kxh5 64. f4 Kg6 65. Ke6 Kg7 66. f5 Kf8 67. Kf6 Ke8 68.
Kg7 Ke7 69. f6+ Ke6 70. f7 Ke5 71. f8=Q 1-0

[Event "*** SCC Grand Prix: Titled Tuesday Blitz"]
[Site "Chess.com"]
[Date "2020.09.29"]
[Round "1"]
[White "vaishali2001"]
[Black "Rogarcia1"]
[Result "1-0"]
[WhiteElo "2502"]
[BlackElo "2111"]
[TimeControl "180+1"]
[EndTime "10:08:33 PDT"]
[Termination "vaishali2001 won by resignation"]

1. e4 c5 2. Nf3 Nc6 3. Nc3 e6 4. d4 cxd4 5. Nxd4 Nf6 6. Ndb5 Bc5 7. Bf4 O-O 8. Bc7 Qe7 9. Bd6 Bxd6 10. Qxd6 Qd8 11. O-O-O a6 12. Nd4 Ne7 13. Be2 b5 14.
e5 Ne8 15. Qa3 Bb7 16. Bf3 Nd5 17. Nxd5 exd5 18. h4 Qb6 19. Qe7 f6 20. Qxd7 Rf7 21. Bxd5 Bxd5 22. Qxd5 Rd8 23. Qc6 Qxc6 24. Nxc6 Rxd1+ 25.
Rxd1 fxe5 26. Rd8 Kf8 27. f3 Rf5 28. Kd2 Kf7 29. Ke3 h5 30. Rd7+ Kf8 31. Ra7 Nf6 32. Ne7 Rf4 33. Ng6+ Kg8 34. Nxf4 exf4+ 35. Kxf4 Nd5+ 36.
Ke5 Nb4 37. a3 Nxc2 38. Rxa6 Ne3 39. Rb6 Nc4+ 40. Kd5 Nxb6+ 41. Kc5 Nc4 42. Kxb5 Nxb2 43. a4 Nxa4 44. Kxa4 Kf7 45. Kb4 Kf6 46. Kc3 Kf5 47. g3 g5 48. hxg5 Kxg5 49. Kd4 Kf5 50. Kd5 h4 51.
gxh4 Kf4 52. h5 Kg5 53. Ke6 Kxh5 54. f4 Kh6 55. f5 Kg7 56. Ke7 Kg8 57. f6 Kh8 58. f7 Kh7 59. f8=Q 1-0

[Event "*** SCC Grand Prix: Titled Tuesday Blitz"]
[Site "Chess.com"]
[Date "2020.09.29"]
[Round "1"]
[White "Stormeman100100"]
[Black "kuban1991"]
[Result "0-1"]
[WhiteElo "2417"]
[BlackElo "2843"]
[TimeControl "180+1"]
[EndTime "10:08:34 PDT"]
[Termination "kuban1991 won by resignation"]

1. d4 g6 2. c4 Bg7 3. Nc3 c5 4. d5 Bxc3+ 5. bxc3 f5 6. e4 fxe4 7. f3 e3 8. Bxe3 Qa5 9. Qd2 d6 10. h4 Nd7 11. h5 gxh5 12. Rxh5 Ngf6 13. Rh1 Ne5 14.
Nh3 Bxh3 15. Rxh3 O-O-O 16. Kf2 Qa4 17. Qe2 h5 18. Kg1 Rdg8 19. Bf4 Nfd7 20. Rb1 Rg7 21. Qe4 Qxa2 22. Re1 Rhg8 23. Re2 Qxc4 24. Qxc4 Nxc4 25. Rxh5 Nce5 26. Kh2 Rf7 27. Bc1 Nf6 28. Rhxe5 dxe5 29. Rxe5 Ng4+ 30. fxg4 Rxf1 31. Be3 Rg7 32. Bxc5 Kd7 33. Bxa7 Rf4 34. g5 Rg4 35. Be3 Kd6 36. Rf5 Re4 37.
Bf4+ Kc5 38. d6+ Kc4 39. d7 Rg8 40. Bc7 Rh4+ 41. Kg3 Rhh8 42. d8=Q Rxd8 43. Bxd8 Rxd8 44. g6 Kxc3 45. g7 Rg8 46. Rg5 Kc4 47. Kh4 b5 48.
Kh5 b4 49. Kh6 b3 50. Rg4+ Kc3 51. Rg3+ Kc2 52. Rf3 b2 53. Rf2+ Kb3 54. Rf3+ Ka2 55. Rf2 Ka1 56. Rf1+ b1=Q 57. Rxb1+ Kxb1 58. Kh7 Rxg7+ 59. Kxg7 e5 60. Kf6 e4 61. g4 e3 62. g5 e2 63. g6 e1=Q 64. g7 Qe8 65. Kg5 Qg8 66. Kh6 Kc2 67. Kg6 Kd3 68. Kh6 Ke4 69. Kg6 Ke5 0-1

[Event "*** SCC Grand Prix: Titled Tuesday Blitz"]
[Site "Chess.com"]
[Date "2020.09.29"]
[Round "1"]
[White "Kotofeyca"]
[Black "Fy_Rakotomaharo"]
[Result "0-1"]
[WhiteElo "2345"]
[BlackElo "2672"]
[TimeControl "180+1"]
[EndTime "10:08:35 PDT"]
[Termination "Fy_Rakotomaharo won by checkmate"]

1. d4 Nf6 2. c4 g6 3. f3 d5 4.
cxd5 Nxd5 5. e4 Nb6 6. Nc3 Bg7 7. Be3 O-O 8. Qd2 Nc6 9. O-O-O Qd6 10. h4 Rd8 11. d5 Ne5 12. Nb5 Qd7 13. Qc2 c6 14. dxc6 Qxd1+ 15. Qxd1 Rxd1+ 16. Kxd1 bxc6 17. Nc3 Be6 18. Kc2 Nbc4 19. Bc1 Rb8 20. Nge2 Nd6 21. Nd4 Bd7 22.
Nb3 f5 23. Nc5 fxe4 24. f4 Nb5 25. Nxd7 Nxd7 26. Bc4+ Kf8 27. Nxe4 Nd4+ 28. Kb1 Nb6 29. Bd3 Na4 30. b3 Nf5 31. Ba3 Rd8 32. Bc2 Nc3+ 33. Nxc3 Bxc3 34. g4 Ne3 35. Be4 Nxg4 36. Bxc6 Rd2 37.
h5 Kg7 38. hxg6 hxg6 39. Rc1 Bf6 40. Rg1 Ne3 41. Be4 Kf8 42. Bxg6 Nd5 43. Bf5 Nc3+ 44.
Kc1 Rxa2 45. Rg3 Ne2+ 46. Kb1 Ra1+ 47. Kc2 Nxg3 48. Bd3 Rxa3 49. Bc4 Ra2+ 50. Kd3 Rf2 51. Ke3 Rb2 52. Kf3 Nf5 53. Ke4 Nd4 54. Kd5 Nxb3 55. f5 Nd2 56. Bd3 a5 57. Kc5 a4 58. Be4 a3 59. Bd5 a2 60. Bxa2 Rxa2 61. Kb4 Rc2 62. Ka3 Rc5 63. Kb4 Rxf5 64. Ka3 Rb5 65. Ka4 Rb7 66. Ka3 Nc4+ 67. Ka4 Nb2+ 68. Ka5 Bc3+ 69.
Ka6 Rb3 70. Ka7 Nc4 71. Ka6 Ke8 72. Ka7 Kd7 73. Ka6 Kc7 74. Ka7 Ra3# 0-1

[Event "*** SCC Grand Prix: Titled Tuesday Blitz"]
[Site "Chess.com"]
[Date "2020.09.29"]
[Round "1"]
[White "andriipalchuk"]
[Black "mr65"]
[Result "1-0"]
[WhiteElo "2513"]
[BlackElo "2159"]
[TimeControl "180+1"]
[EndTime "10:08:36 PDT"]
[Termination "andriipalchuk won on time"]

1. d4 Nf6 2. c4 g6 3. Nf3 Bg7 4. g3 O-O 5. Bg2 d6 6. O-O Nc6 7.
Nc3 a6 8. e4 Bg4 9. Be3 Re8 10.
Ne2 Nxe4 11. h3 Bxf3 12. Bxf3 Nf6 13. Qc2 Rb8 14. Rfd1 e5 15. dxe5 Nxe5 16. Bg2 Qe7 17. Rac1 Nfd7 18. Nf4 Nf6 19. c5 g5 20. Ne2 g4 21. cxd6 cxd6 22. Nd4 gxh3 23. Bxh3 Nfg4 24.
Bf4 Qf6 25. Ne2 h5 26. Kg2 Ng6 27. Qd2 Rxe2 28. Qxe2 Qxf4 29. gxf4 Nxf4+ 30. Kf3 Nxe2 31.
Kxe2 Bxb2 32. Rb1 Be5 33. Rb6 Kg7 34. Rdb1 Re8 35. Kf1 Bd4 36. Rxb7 Nxf2 37. Bg2 Ng4 38. Bf3 Nh2+ 39. Kg2 Nxf3 40. Kxf3 Re3+ 41. Kf4 Ra3 42.
Ke4 Be5 43. Rg1+ Kf8 44. Rf1 Ra4+ 45. Ke3 f6 46. Rh1 h4 47. Rh7 Kg8 48. R7xh4 Rxa2 49. Ke4 Kf7 50. Rh8 Ra4+ 51. Kd5 Rd4+ 52. Kc6 f5 53.
R8h7+ Kg6 54. R7h6+ Kg5 55. R6h5+ Kf4 56. Rf1+ Ke3 57.
Rhxf5 a5 58. R5f2 a4 59. Ra2 Rc4+ 60. Kb5 Rd4 61. Re1+ Kf4 62. Rf2+ Kg3 63. Rf8 Rd5+ 64. Kxa4 Rd4+ 65. Kb5 Rf4 66. Rg1+ Kf2 67. Rfg8 Ke3 68. Re1+ 1-0

[Event "*** SCC Grand Prix: Titled Tuesday Blitz"]
[Site "Chess.com"]
[Date "2020.09.29"]
[Round "1"]
[White "MPGM"]
[Black "Msb2"]
[Result "0-1"]
[WhiteElo "2433"]
[BlackElo "2910"]
[TimeControl "180+1"]
[EndTime "10:08:37 PDT"]
[Termination "Msb2 won on time"]

1. c4 e5 2. Nc3 Bb4 3. Nd5 a5 4.
e3 d6 5. a3 Bc5 6. d4 Ba7 7. Nf3 Nd7 8. Be2 c6 9. Nc3 Ngf6 10. O-O O-O 11. b3 Qe7 12. Bb2 e4 13. Nd2 d5 14. cxd5 cxd5 15. Rc1 Bb8 16. h3 Rd8 17. Nb5 Nf8 18. Nb1 Ng6 19. Qc2 Bf5 20. Rfd1 Ra6 21. Bf1 h5 22. N1c3 Nh4 23. Ne2 Qd7 24. Ng3 Be6 25. Qe2 a4 26. bxa4 Rxa4 27. Nxh5 Nxh5 28. Qxh5 Ng6 29. Nc3 Ra5 30. a4 Ne7 31.
Bb5 Qd6 32. g3 Nf5 33. Ne2 g6 34. Qg5 Rf8 35. Nf4 Kh7 36. Rc3 Qb4 37. Rd2 Bxf4 38.
Qxf4 Raa8 39. Rdc2 Rfc8 40. Ba3 Qb1+ 41. Rc1 Qa2 42.
Rxc8 Rxc8 43. Rxc8 Bxc8 44. Bc5 Qb1+ 45. Kh2 Qd1 46.
Bb6 Be6 47. a5 f6 48. Be8 g5 49. Qc7+ Kh6 50. Qd8 Kg7 51. Qc7+ Kf8 52. Bb5 Qf3 53.
Bc5+ Kg8 54. Qd8+ Kg7 55. Kg1 Nxe3 56. Qf8+ Kg6 57. Be8+ Kf5 58. g4+ Nxg4 59. hxg4+ Qxg4+ 60. Kf1 Qd1+ 61. Kg2 Qf3+ 62. Kf1 e3 63. Bg6+ Kxg6 64. Qe8+ Kf5 0-1

[Event "*** SCC Grand Prix: Titled Tuesday Blitz"]
[Site "Chess.com"]
[Date "2020.09.29"]
[Round "1"]
[White "Fandorine"]
[Black "TokChess"]
[Result "1-0"]
[WhiteElo "2904"]
[BlackElo "2429"]
[TimeControl "180+1"]
[EndTime "10:08:39 PDT"]
[Termination "Fandorine won by resignation"]

1. e4 c5 2. b3 Nf6 3. e5 Nd5 4. Bb2 e6 5. Nf3 Nc6 6. Bb5 Qb6 7. a4 a6 8. Bxc6 Qxc6 9. a5 Be7 10. O-O b5 11. axb6 Nxb6 12. d3 Bb7 13. Nbd2 Nd5 14.
Re1 Nf4 15. Ne4 g5 16. Bc1 Rg8 17. Bxf4 gxf4 18. Qd2 d5 19. exd6 Bxd6 20. Qa5 Bc7 21. Qa4 Ke7 22. Kf1 Qxa4 23. Rxa4 Bc6 24. Rc4 Bd5 25. Ra4 Bb6 26. Re2 f6 27. Nc3 Bc6 28. Rxf4 e5 29. Rh4 Rg7 30. Ne1 Kf7 31. f3 Ba5 32.
Ne4 Bb6 33. Rh6 Bd8 34. g4 Be7 35. Ng2 Bd5 36. Ne3 Be6 37. Ng3 Rg6 38. Rxh7+ Rg7 39. Rxg7+ Kxg7 40. Nef5+ Kf7 41. Nxe7 Kxe7 42. Ne4 Rc8 43. Re1 Bd5 44. Ra1 Rh8 45. Kg2 f5 46. gxf5 Rg8+ 47. Ng3 Ra8 48. h4 a5 49. h5 Kf6 50. h6 Kg5 51. Rh1 Rh8 52. h7 Kf6 53. Rh6+ Kg7 54. Rd6 Bf7 55. Rc6 Rxh7 56. Rxc5 Kf6 57. Rxa5 Rg7 58. Kf2 Rg8 59. Ra6+ Kg5 60.
Ne4+ Kf4 61. Ra4 Kxf5 62. Nd6+ Kf6 63. Nxf7 Kxf7 64. f4 exf4 65. Rxf4+ Ke6 66. Ke3 Ke5 67. Re4+ Kd5 68. Kd2 1-0

[Event "*** SCC Grand Prix: Titled Tuesday Blitz"]
[Site "Chess.com"]
[Date "2020.09.29"]
[Round "1"]
[White "saraswathii"]
[Black "Meri-Arabidze"]
[Result "0-1"]
[WhiteElo "2371"]
[BlackElo "2713"]
[TimeControl "180+1"]
[EndTime "10:08:39 PDT"]
[Termination "Meri-Arabidze won on time"]

1. e4 c5 2. Nf3 e6 3. d3 Nc6 4. Nbd2 Nf6 5. g3 Be7 6. Bg2 O-O 7. O-O d5 8. e5 Ne8 9. Qe2 b5 10. c3 Nc7 11. Re1 a5 12. a3 Rb8 13. h4 b4 14.
axb4 axb4 15. Nf1 bxc3 16. bxc3 Nb5 17. Bd2 d4 18. c4 Nc3 19. Bxc3 dxc3 20. Qc2 Nb4 21.
Qxc3 Qxd3 22. Qxd3 Nxd3 23. Red1 Nb4 24. Ne3 h6 25. Ra7 Bd8 26. Nd2 Bb6 27. Raa1 Ba6 28. Ne4 Bb7 29. Nd6 Bxg2 30. Kxg2 Rfd8 31. Ra6 f6 32. exf6 gxf6 33. Ng4 Kg7 34. Ne3 Kg6 35. g4 h5 36. gxh5+ Kxh5 37. Ne4 Rxd1 38. Nxd1 f5 39. Nf6+ Kxh4 40. Nd7 Rg8+ 41. Kf3 Rd8 42. Rxb6 Rxd7 43. Ne3 Re7 44. Rb5 Kg5 45. Rxc5 e5 46. Nd5 e4+ 47. Ke2 Nxd5 48. Rxd5 Kf4 49. c5 Rc7 50.
Kd2 Ra7 51. c6 Ra2+ 52. Kc3 Ra1 53. Rd2 Ra7 54. Rd7 Ra6 55. c7 Rc6+ 56. Kd4 Kf3 57. Ke5 f4 58. Rf7 Rc5+ 59. Kd6 Rc2 60. Kd7 Rd2+ 61.
Ke8 Rc2 62. Kd8 Kxf2 63. Rxf4+ Ke3 0-1

[Event "*** SCC Grand Prix: Titled Tuesday Blitz"]
[Site "Chess.com"]
[Date "2020.09.29"]
[Round "1"]
[White "Willychess95"]
[Black "A-S-00"]
[Result "1/2-1/2"]
[WhiteElo "2538"]
[BlackElo "2231"]
[TimeControl "180+1"]
[EndTime "10:08:40 PDT"]
[Termination "Game drawn - insufficient material"]

1. e4 c5 2. Nf3 e6 3. d3 Nc6 4. Nbd2 g6 5. g3 Bg7 6. Bg2 Nge7 7. O-O O-O 8. Re1 d5 9. e5 Qc7 10. Qe2 b5 11. Nf1 b4 12. h4 a5 13. Bf4 Ba6 14. Qd2 Rfc8 15. h5 c4 16. d4 c3 17.
bxc3 bxc3 18. Qc1 Nf5 19. Qd1 Qa7 20. Be3 Bxf1 21. Bxf1 Nxe3 22. fxe3 a4 23. a3 Na5 24. Bd3 Nc4 25. Kf2 Nb2 26. Qe2 Rab8 27. Rh1 Nxd3+ 28.
Qxd3 Rb2 29. Rac1 Qb6 30. Qf1 Qb5 31. Qh3 Qd3 32. hxg6 Rxc2+ 33. Rxc2 Qxc2+ 34. Ke1 Qxg6 35. Nh4 Qb1+ 36. Kf2 Qc2+ 37. Kf3 Qe4+ 38. Ke2 c2 39. Rc1 Rb8 40. Qg2 Rb2 41. Qxe4 dxe4 42. Kd2 Bf8 43.
Rxc2 Rxc2+ 44. Kxc2 Bxa3 45. Ng2 Be7 46. Nf4 Kg7 47.
Nh3 Kg6 48. Nf2 Kf5 49. g4+ Kg6 50. Kb2 Bg5 51. Nd1 h5 52. gxh5+ Kxh5 53. Ka3 Kg4 54. Kxa4 Kf3 55. Kb3 Bxe3 56. Kc4 Bg1 57. Nc3 e3 58. Kd3 Bh2 59. Ne2 Bg3 60. Nxg3 Kxg3 61. Kxe3 Kg4 62. Ke4 Kg5 63. Kf3 Kf5 64. Ke3 Kg5 65. Ke4 Kg4 66.
Ke3 Kf5 67. Kf3 f6 68. exf6 Kxf6 69. Ke4 Ke7 70. Ke5 Kd7 71. Kf6 Kd6 72. Kf7 Kd5 73. Kf6 Kxd4 74. Kxe6 1/2-1/2

[Event "*** SCC Grand Prix: Titled Tuesday Blitz"]
[Site "Chess.com"]
[Date "2020.09.29"]
[Round "1"]
[White "Sueetin"]
[Black "GjakanTati"]
[Result "0-1"]
[WhiteElo "2308"]
[BlackElo "2630"]
[TimeControl "180+1"]
[EndTime "10:08:41 PDT"]
[Termination "GjakanTati won by checkmate"]

1. d4 Nf6 2. c4 g6 3. Nc3 Bg7 4. Nf3 O-O 5. Bg5 c6 6. d5 cxd5 7. cxd5 d6 8. e4 Nbd7 9. Be2 Nc5 10. Nd2 a5 11. O-O Bd7 12. Be3 Rc8 13. f3 Ne8 14. a4 Nc7 15. Rc1 N7a6 16. Nc4 Nb4 17. Na3 f5 18. Bd4 Bh6 19. Rb1 Qe8 20. Nab5 fxe4 21. fxe4 Rxf1+ 22. Qxf1 Nb3 23. Bb6 Nd2 24. Qd1 Nxb1 25. Qxb1 Qf7 26. Bxa5 Be3+ 27. Kh1 Qf2 28. Bxb4 Rf8 29. Na3 Rf4 30. Nc2 Ba7 31. Qe1 Qxe1+ 32. Nxe1 Bd4 33. Bf3 g5 34. Nd3 Rf8 35. Nb5 Bg7 36. h3 Rc8 37. Nc3 Rc4 38. Kg1 Kf7 39. Kf1 Kg6 40. g4 Rc8 41. Ke2 Bd4 42. Ba3 Bxc3 43. bxc3 Rxc3 44. Bb4 Rc2+ 45. Bd2 Bxa4 46. e5 Bb5 47. Be4+ Kh6 48. e6 Rc4 49. Kf3 Rd4 50. Be3 Rxd3 51. Bxd3 Bxd3 52. h4 Kg7 53. Bxg5 Kf8 54.
Ke3 Bc2 55. h5 Bd1 56. Bh6+ Ke8 57. Kf4 b5 58. Bg7 b4 59. Kg5 Bf3 60. Kh4 Bxd5 61. g5 Bxe6 62. h6 Bf5 63. Kg3 e5 64. Kf3 Ke7 65.
Ke3 Ke6 66. Bf6 d5 67. Kd2 d4 68. Bg7 Kd5 69. Bf6 e4 70. Bg7 e3+ 71. Ke1 d3 72. Bf8 b3 73. Bb4 b2 74. Bc3 b1=Q# 0-1

[Event "*** SCC Grand Prix: Titled Tuesday Blitz"]
[Site "Chess.com"]
[Date "2020.09.29"]
[Round "1"]
[White "DarZay"]
[Black "Superfelix"]
[Result "0-1"]
[WhiteElo "2060"]
[BlackElo "2486"]
[TimeControl "180+1"]
[EndTime "10:08:42 PDT"]
[Termination "Superfelix won on time"]

1. e4 c6 2. d4 g6 3. Nc3 d5 4. e5 h5 5. Bd3 Nh6 6. Qe2 Nf5 7. Nf3 Qb6 8. Bxf5 Bxf5 9. b3 Bg4 10.
Bb2 Bxf3 11. Qxf3 Qxd4 12. Na4 Qg4 13. Qxg4 hxg4 14. e6 f6 15. O-O-O Na6 16. c4 O-O-O 17. cxd5 Rxd5 18. Rxd5 cxd5 19. Rd1 Rxh2 20. Rxd5 Rxg2 21. Bd4 b6 22. Rd7 Nc7 23. Be3 g5 24. Kd2 g3 25.
Ke1 Rg1+ 26. Ke2 g2 27. f3 Ra1 28. Rd1 Rxd1 29. Kxd1 Nxe6 30. Nc3 f5 31. Ke2 Bg7 32. Nd5 Kd7 33. Kf2 f4 34. Bd2 g1=Q+ 35. Kxg1 Nd4 36. Kf2 Nf5 37. Ke2 Nd4+ 38. Kf2 e6 39. Nc3 Bf6 40. Ne4 Be7 41. Bc3 Nf5 42. Be5 Ne3 43. Bg7 Kc6 44. Bh6 g4 45. Bxf4 Nd5 46. Be5 gxf3 47. Kxf3 Nb4 48. a3 Nd3 49. Bd4 Nc1 50.
b4 Nb3 51. Bc3 Kd5 52. Nf2 e5 53. Ke3 Bg5+ 54. Kd3 Nd4 55. Ne4 Be7 56. Nd2 Ne6 57. Nf3 e4+ 58. Ke3 exf3 59. Kxf3 Kc4 60. Be5 Kb3 61. Bb8 a6 62. Ba7 b5 63. Ke4 Kxa3 64.
Ke5 Nf8 65. Be3 Bxb4 66. Kd5 Kb3 67. Kc6 Kc4 68. Kb6 a5 69. Bc1 a4 0-1

[Event "*** SCC Grand Prix: Titled Tuesday Blitz"]
[Site "Chess.com"]
[Date "2020.09.29"]
[Round "1"]
[White "Parhamov"]
[Black "pedromartinez91"]
[Result "1-0"]
[WhiteElo "2967"]
[BlackElo "2448"]
[TimeControl "180+1"]
[EndTime "10:08:46 PDT"]
[Termination "Parhamov won on time"]

1. e4 e6 2. d4 d5 3. Nc3 Nf6 4. e5 Ne4 5. Nce2 f6 6. f3 Ng5 7. f4 Ne4 8. Ng3 c5 9. Nf3 Nxg3 10. hxg3 cxd4 11. Bd3 f5 12. Nxd4 Nc6 13. Be3 Bd7 14.
c3 Nxd4 15. Bxd4 Be7 16. Qf3 g6 17. O-O-O h5 18. g4 Qa5 19. Kb1 O-O-O 20. gxh5 gxh5 21.
Rxh5 Rxh5 22. Qxh5 Bb5 23. Qf7 Bxd3+ 24. Rxd3 Qa6 25.
Rd1 Bh4 26. Qh5 Bg3 27. Qf3 Rg8 28. a3 Rg4 29. Be3 Qc4 30. Rd4 Qa6 31. Qd1 Bh4 32. c4 dxc4 33. Rd6 Qb5 34. Rd2 Be7 35. Bd4 Bxa3 36.
Bxa7 Be7 37. Bd4 Rg3 38. Qh5 Rd3 39. Rxd3 cxd3 40. Bc3 Qb3 41. Ka1 Qa4+ 42. Kb1 Qc2+ 43.
Ka2 d2 44. Qe8+ Bd8 45. Qxe6+ Kb8 46. Qd6+ Bc7 47. Qxd2 Qa4+ 48. Kb1 Qe4+ 49. Kc1 Bb6 50. Qd6+ Ka7 51. Bd2 Qc4+ 52. Kb1 Qf1+ 53. Ka2 Qc4+ 54. Kb1 Qf1+ 55. Kc2 Qc4+ 56. Bc3 Qe4+ 57. Qd3 Qxg2+ 58. Kb3 Qc6 59. Qc4 Qf3 60. e6 Qe3 61. Ka2 Bc5 62. Be5 Qe4 63. Qxe4 fxe4 64. f5 e3 65. f6 e2 66. Bg3 Kb6 67. e7 Bxe7 68. fxe7 1-0

[Event "*** SCC Grand Prix: Titled Tuesday Blitz"]
[Site "Chess.com"]
[Date "2020.09.29"]
[Round "1"]
[White "Chessmatus"]
[Black "Skatchkov_V"]
[Result "0-1"]
[WhiteElo "2315"]
[BlackElo "2641"]
[TimeControl "180+1"]
[EndTime "10:08:47 PDT"]
[Termination "Skatchkov_V won on time"]

1. e4 e5 2. Nf3 Nf6 3. Nxe5 d6 4. Nf3 Nxe4 5. Qe2 Qe7 6. d3 Nf6 7. Bg5 Qxe2+ 8. Bxe2 Be7 9. Nc3 c6 10. O-O-O Na6 11.
Rde1 Nc7 12. Bd1 Ne6 13. Bd2 Bd7 14. Ng5 h6 15. Nxe6 Bxe6 16. f4 g6 17. h3 h5 18. g3 O-O-O 19. Rhg1 Rde8 20. g4 hxg4 21. hxg4 Rh2 22. g5 Nh5 23. Ne4 d5 24. Ng3 Nxg3 25.
Rxg3 Bd6 26. Rf3 Reh8 27. Rff1 R8h4 28. a4 Kd7 29. a5 Rg2 30. Re2 Rhh2 31. Rxg2 Rxg2 32.
Bf3 Rxd2 33. Kxd2 Bxf4+ 34. Ke2 Bxg5 35. Rg1 Bf6 36. c3 Bd8 37. b4 Bf6 38. Kd2 Be5 39. Rh1 g5 40. Rg1 f5 41. Kc2 g4 42. Be2 Bf4 43. d4 Be3 44. Rg2 Ke7 45. a6 b5 46.
Kd3 Bf4 47. Rg1 Kf6 48. Rf1 Kg5 49. Rh1 g3 50. Bf3 Bc8 51. Rh7 Bxa6 52. Rxa7 Bc8 53. Ra8 Be6 54. Re8 Kf6 55. Rf8+ Ke7 56. Rh8 Bg5 57.
Rh5 Bf6 58. Rh1 f4 59. Ra1 Bf5+ 60. Kd2 Bh3 61. Ke2 Kd6 62. Rh1 Bf5 63. Rh6 Ke6 64. Rh1 Be4 65. Ra1 Kf5 66. Ra6 g2 67. Ra1 Bh4 68.
Rg1 Be1 0-1